 Dungeon Crawl Stone Soup version 0.27.1-2-g3b301248ec (webtiles) character file.

Game seed: 4870619185578128136

80148 rogsnak the Devastator (level 15, -6/183 (193) HPs)
             Began as a Naga Hedge Wizard on Sept 26, 2021.
             Was a High Priest of Sif Muna.
             Mangled by a naga (20 damage)
             ... on level 1 of the Snake Pit on Sept 27, 2021.
             The game lasted 01:30:29 (27349 turns).

rogsnak the Devastator (Naga Hedge Wizard)         Turns: 27349, Time: 01:30:30

HP:   -6/183 (193)  AC: 27    Str: 20    XL:     15   Next: 66%
MP:   3/41          EV: -2    Int: 25    God:    Sif Muna [*****.]
Gold: 2085          SH:  0    Dex: 10    Spells: 22/41 levels left

rFire    . . .     SeeInvis +   V - +11 war axe of Xom's Grace {protect, Str+5 Stlth+}
rCold    . . .     Faith    .   (no shield)
rNeg     + + +     Spirit   .   (armour currently unavailable)
rPois    +         Reflect  .   (helmet currently unavailable)
rElec    .         Harm     .   (cloak currently unavailable)
rCorr    .         Rampage  .   (gloves currently unavailable)
Will     +....     NoTele   +   (no barding)
Stlth    +++.......             s - amulet of regeneration
HPRegen  1.40/turn              E - +6 ring of intelligence
MPRegen  0.27/turn              N - ring of magical power

@: lethally poisoned (-6 -> -7), tree-form, constricted, drained
A: stationary, stasis, torment immunity, boosted hp, AC +5, large, see
invisible, (deformed body), (poison resistance), (slowness 2), spit poison 1,
(naga tail 2)
a: Spit Poison, Renounce Religion, Channel Magic, Forget Spell, Divine Exegesis


You were on level 1 of the Snake Pit.
You worshipped Sif Muna.
Sif Muna was extremely pleased with you.
You were a tree.
You visited 5 branches of the dungeon, and saw 22 of its levels.
You also visited: Bailey.

You collected 2085 gold pieces.

Inventory:

Hand Weapons
 d - a +4 dagger of venom
 f - a +4 scimitar of flaming
 Q - the +9 war axe of Bugy {freeze, rC+ Str+4}
   (You found it on level 7 of the Dungeon)

   It freezes those it strikes, dealing additional cold damage.
   It can also slow down cold-blooded creatures.
   Str:       It affects your strength (+4).
   rC:        It protects you from cold.
 V - the +11 war axe of Xom's Grace (weapon) {protect, Str+5 Stlth+}
   (You found it on level 8 of the Dungeon)

   It grants its wielder temporary protection when it strikes (+7 to AC).
   Str:       It affects your strength (+5).
   Stlth:     It makes you more stealthy.
Missiles
 g - 3 throwing nets
 k - 3 curare-tipped darts
 t - 7 atropa-tipped darts
 z - 6 javelins
Armour
 b - +1 ice dragon scales
 e - a +2 kite shield of cold resistance
 n - a +0 troll leather armour
 B - a scarf of repulsion (melded)
 G - a +3 leather armour of fire resistance
 P - a +1 robe of cold resistance
 S - a +0 barding (melded)
 U - a +2 robe of the Archmagi (melded)
Jewellery
 s - an amulet of regeneration (around neck)
 D - a ring of wizardry
 E - a +6 ring of intelligence (left branch)
 L - a ring of fire
 N - a ring of magical power (right branch)
 W - a ring of resist corrosion
Wands
 a - a wand of flame (69)
 A - a wand of mindburst (27)
 H - a wand of paralysis (12)
 J - a wand of polymorph (16)
 M - a wand of iceblast (19)
 R - a wand of acid (27)
 T - a wand of digging (2)
Scrolls
 j - 2 scrolls of summoning
 l - a scroll of brand weapon
 o - 4 scrolls of holy word {unknown}
 r - 12 scrolls of teleportation
 u - a scroll of enchant armour
 y - 3 scrolls of amnesia
 C - 4 scrolls of enchant weapon
 F - 2 scrolls of immolation
 I - 3 scrolls of acquirement {unknown}
 Y - a scroll of blinking
 Z - 2 scrolls of magic mapping
Potions
 h - 3 potions of lignification
 i - 6 potions of ambrosia
 m - 3 potions of flight
 p - a potion of cancellation
 q - 2 potions of haste {unknown}
 v - 3 potions of heal wounds {unknown}
 w - 6 potions of curing {unknown}
 x - 2 potions of degeneration {unknown}
 K - a potion of might
 O - a potion of mutation
 X - 3 potions of resistance {unknown}
Miscellaneous
 c - a condenser vane (inert)


   Skills:
 + Level 7.2 Fighting
 + Level 6.2 Dodging
 - Level 3.0 Stealth
 + Level 13.6 Spellcasting
 * Level 16.6 Conjurations
 - Level 1.0 Summonings
 - Level 1.0 Translocations
 + Level 4.9 Air Magic
 + Level 10.0 Earth Magic
 - Level 3.6 Poison Magic


You had 22 spell levels left.
You knew the following spells:

 Your Spells              Type           Power      Damage    Failure   Level
a - Magic Dart            Conj           100%       1d8       0%          1
b - Blink                 Tloc           N/A        N/A       3%          2
c - Mephitic Cloud        Conj/Pois/Air  56%        N/A       1%          3
d - Stone Arrow           Conj/Erth      100%       3d13      1%          3
e - Iskenderun's Battles  Conj           79%        2d13      1%          5
f - Fireball              Conj/Fire      28%        3d12      3%          5

Your spell library contained the following spells:

 Spells                   Type           Power      Damage    Failure   Level
 Foxfire                  Conj/Fire      100%       2x1d9     1%          1
 Shock                    Conj/Air       100%       1d9       1%          1
 Static Discharge         Conj/Air       63%        N/A       1%          2
 Conjure Flame            Conj/Fire      56%        6-21      1%          3
 Dazzling Flash           Conj/Hex       100%       N/A       1%          3
 Fulminant Prism          Conj/Hex       28%        3d14      1%          4
 Hailstorm                Conj/Ice       56%        3d12      1%          4
 Lee's Rapid Deconstruct  Erth           30%        3d17*     1%          5
 Bolt of Magma            Conj/Fire/Erth 28%        4d13      2%          5
 Iron Shot                Conj/Erth      35%        9d7       2%          6
 Call Imp                 Summ           22%        N/A       3%          2
 Animate Armour           Summ/Erth      88%        N/A       3%          4
 Irradiate                Conj/Tmut      28%        3d23      3%          5
 Orb of Destruction       Conj           39%        9d13      3%          7
 Slow                     Hex            17%        N/A       5%          2
 Ignite Poison            Fire/Tmut/Pois 23%        N/A       6%          3
 Conjure Ball Lightning   Conj/Air       31%        3x3d10    6%          6
 Summon Guardian Golem    Hex/Summ       19%        N/A       9%          3
 Inner Flame              Hex/Fire       17%        N/A       11%         3
 Ozocubu's Armour         Ice            17%        N/A       11%         3
 Starburst                Conj/Fire      28%        6d9       17%         6
 Summon Ice Beast         Ice/Summ       19%        N/A       28%         4
 Statue Form              Tmut/Erth      28%        N/A       54%         6
 Summon Mana Viper        Hex/Summ       19%        N/A       61%         5
 Spellforged Servitor     Conj/Summ      28%        N/A       61%         7
 Metabolic Englaciation   Hex/Ice        8%         N/A       67%         5
 Lehudib's Crystal Spear  Conj/Erth      35%        10d9      67%         8
 Eringya's Noxious Bog    Tmut/Pois      13%        N/A       94%         6
 Simulacrum               Ice/Necr       8%         N/A       99%         6
 Monstrous Menagerie      Summ           11%        N/A       100%        7
 Ozocubu's Refrigeration  Ice            8%         4d6       100%        7
 Shatter                  Erth           30%        3d25*     100%        9


Dungeon Overview and Level Annotations

Branches:
Dungeon (12/15)            Temple (1/1) D:6            Lair (6/6) D:8
 Shoals (0/4) Lair:4        Snake (1/4) Lair:4        Slime (0/5) Lair:5
    Orc (2/2) D:10            Elf (0/3) Orc:2        Bailey (visited)

Altars:
Ashenzari
Cheibriados
Dithmenos
Elyvilon
Fedhas
Gozag
Kikubaaqudgha
Makhleb
Nemelex Xobeh
Okawaru
Qazlal
Ru
Sif Muna
Trog
Vehumet
Yredelemnul
The Shining One
Beogh
Jiyva

Shops:
D:5 (   D:6 [   D:9 ?   D:10 *   Orc:1 [   Orc:2 [[=[=

Annotations:
D:6 Hat of alchemist!
D:10 3 runed translucent doors, IBeShadow's ghost, novice TeAE
D:12 3 runed translucent doors
Orc:1 1 runed translucent door, worthlessgem's ghost, journeyman DjFE


Innate Abilities, Weirdness & Mutations

You are a tree.
Your roots penetrate the ground, keeping you stationary.
You cannot be teleported.
You are immune to unholy pain and torment.
Your maximum health is greatly increased.
Your equipment is partially melded.
((Your serpentine skin is tough. (AC +5)))
You have supernaturally acute eyesight. (SInv)
((Armour fits poorly on your strangely shaped body.))
((Your system is resistant to poisons. (rPois)))
((You cover ground very slowly.))
You can spit poison.
((You can use your snake-like lower body to constrict enemies.))


Message History

* * * LOW HITPOINT WARNING * * *
The naga hits you but does no damage. The naga constricts you.
The naga closely misses you.
Your battlesphere is engulfed in blazing flames.
The naga barely misses you.
The naga hits you with a +0 short sword.
* * * LOW HITPOINT WARNING * * *
The naga constricts you.
* * * LOW HITPOINT WARNING * * *
The naga hits you with a +0 dire flail of draining.
* * * LOW HITPOINT WARNING * * *
You feel drained.
Okay, then.
Okay, then.
Okay, then.
Okay, then.
Okay, then.
It was a potion of lignification.
You turn into a tree.
Your scarf of repulsion melds into your body.
Your +0 barding melds into your body.
Your +2 robe of the Archmagi melds into your body.
The haze of the repulsion field disappears.
You feel strangely numb.
Your roots penetrate the ground.
You lose your grip on the naga.
You feel sick.
Your battlesphere is engulfed in blazing flames.
The naga hits you with a +0 flail!
* * * LOW HITPOINT WARNING * * *
The naga hits you but does no damage. The naga constricts you.
The naga hits you but does no damage.
Unknown command.
Unknown command.
It was a potion of flight.
Your roots keep you in place.
You feel sick.
Your battlesphere is engulfed in blazing flames.
The naga hits you but does no damage.
The naga hits you with a +0 short sword!
* * * LOW HITPOINT WARNING * * *
The naga constricts you.
* * * LOW HITPOINT WARNING * * *
The naga hits you with a +0 dire flail of draining!!
You die...

.......
....$..###
........°#
......§#°#
########.#
#.# #)#
##*######
#N♣N....###
##N.......#
#........#
#........#
#........####
########....#
####.# #####
#.# #...###
#○#


You could see 3 nagas and a friendly battlesphere.

Vanquished Creatures
  Josephine (Lair:5)
  A naga warrior (Snake:1)
  3 catoblepae
  Erica (D:9)
  10 hydras
  2 anacondas (Snake:1)
  2 two-headed ogres
  3 death yaks (Lair:4)
  An orc high priest (Orc:1)
  A tengu warrior (D:9)
  Urug (Orc:2)
  A naga sharpshooter (Snake:1)
  Sonja (Orc:1)
  2 goliath frogs (Lair:6)
  9 orc knights
  A mana viper (Snake:1)
  An orc sorcerer (Orc:1)
  2 ugly things
  A lindwurm (Lair:5)
  3 cyclopes
  3 slime creatures (D:12)
  6 black mambas
  15 elephants
  A naga mage (Snake:1)
  16 cane toads
  A rime drake (Lair:4)
  A gargoyle (D:12)
  Psyche (D:8)
  An unseen horror (D:11)
  9 komodo dragons
  Maggie (D:8)
  2 trolls
  A queen bee (Lair:4)
  2 tyrant leeches (Lair:6)
  3 meliai (Lair:4)
  5 polar bears
  A hornet (D:10)
  32 blink frogs
  4 dream sheep (Lair:6)
  A meliai zombie (D:11)
  3 shadows
  A water elemental (D:11)
  5 wraiths
  A vampire (D:12)
  3 wyverns
  75 yaks
  3 basilisks
  A human (D:10)
  Eustachio (D:4)
  A fire elemental (Lair:6)
  13 vampire mosquitoes
  7 wargs
  2 steam dragons
  An acid dragon (D:11)
  5 nagas
  15 water moccasins
  2 necrophages
  40 orc warriors
  3 ice beasts
  5 sky beasts
  3 black bears
  9 ogres
  12 wolves
  7 centaurs
  A kobold brigand (D:8)
  18 bullfrogs
  A gnoll sergeant (D:12)
  A wyvern zombie (D:7)
  3 scorpions
  22 killer bees
  5 wights (D:9)
  9 electric eels
  2 hounds
  3 centaur zombies
  6 jellies
  10 orc priests
  Ijyb (D:3)
  3 centaur skeletons
  Jessica (D:3)
  4 iguanas
  13 orc wizards
  A killer bee zombie (D:8)
  7 gnolls
  6 adders
  2 ufetubi (D:4)
  An adder skeleton (D:4)
  2 worms
  2 dart slugs (D:3)
  69 orcs
  4 endoplasms
  A giant cockroach (D:4)
  11 goblins
  5 hobgoblins
  3 jackals (D:4)
  11 kobolds
  4 quokkas
  3 training dummies (D:5)
  10 ball pythons
  3 bats
  3 frilled lizards
  3 rats
625 creatures vanquished.

Vanquished Creatures (collateral kills)
  2 killer bees
2 creatures vanquished.

Vanquished Creatures (others)
  A black mamba (Snake:1)
  A killer bee (Lair:4)
  96 fungi
  197 plants
  2 withered plants (Orc:1)
297 creatures vanquished.

Grand Total: 924 creatures vanquished

Notes
Turn   | Place    | Note
-------+----------+-------------------------------------------
     0 | D:1      | rogsnak the Naga Hedge Wizard began the quest for the Orb.
     0 | D:1      | Reached XP level 1. HP: 15/15 MP: 4/4
   268 | D:1      | Reached XP level 2. HP: 22/22 MP: 1/6
   773 | D:1      | Learned a level 2 spell: Blink
  1094 | D:2      | Reached XP level 3. HP: 28/28 MP: 0/8
  2316 | D:3      | Noticed Jessica
  2321 | D:3      | Killed Jessica
  2322 | D:3      | Reached skill level 2 in Conjurations
  2322 | D:3      | Reached XP level 4. HP: 33/37 MP: 7/10
  2327 | D:3      | Learned a level 3 spell: Mephitic Cloud
  2605 | D:3      | Noticed Ijyb
  3163 | D:3      | Killed Ijyb
  3164 | D:3      | Reached XP level 5. HP: 28/43 MP: 3/11
  3308 | D:4      | Learned a level 3 spell: Stone Arrow
  3308 | D:4      | Noticed Eustachio
  3603 | D:4      | Reached skill level 1 in Fighting
  3704 | D:4      | Reached XP level 6. HP: 55/55 MP: 7/12
  4075 | D:4      | Reached skill level 3 in Conjurations
  4075 | D:4      | Reached XP level 7. HP: 62/62 MP: 9/14
  4239 | D:4      | Killed Eustachio
  4240 | D:4      | Reached skill level 5 in Spellcasting
  4275 | D:5      | Entered Level 5 of the Dungeon
  4537 | D:5      | Reached skill level 4 in Conjurations
  4537 | D:5      | Reached skill level 1 in Air Magic
  4737 | D:5      | Reached skill level 1 in Poison Magic
  4737 | D:5      | Reached XP level 8. HP: 72/72 MP: 2/16
  4920 | D:5      | Found Jeawaru's Firing Range.
  5238 | D:6      | Reached skill level 5 in Conjurations
  5489 | D:6      | Found a staircase to the Ecumenical Temple.
  5492 | D:6      | Found Xem Paock's Armour Boutique.
  5501 | Temple   | Entered the Ecumenical Temple
  5569 | Temple   | Became a worshipper of Sif Muna the Loreminder
  5971 | D:6      | Reached skill level 1 in Earth Magic
  6265 | D:6      | Reached XP level 9. HP: 43/79 MP: 15/18
  6331 | D:6      | Reached skill level 6 in Conjurations
  7755 | D:7      | Identified the +9 war axe of Bugy {freeze, rC+ Str+4}
  7877 | D:8      | Found a staircase to the Lair.
  7942 | D:8      | Reached skill level 5 in Fighting
  8148 | D:8      | Noticed Psyche
  8158 | D:8      | Killed Psyche
  8159 | D:8      | Reached XP level 10. HP: 83/88 MP: 10/20
  8162 | D:8      | Reached * piety under Sif Muna
  8163 | D:8      | Reached skill level 7 in Conjurations
  8386 | D:8      | Identified the +11 war axe of Xom's Grace {protect, Str+5
                  | Stlth+}
  8614 | D:8      | Found a sparkling altar of Nemelex Xobeh.
  8614 | D:8      | Found a bloodstained altar of Trog.
  8614 | D:8      | Noticed Maggie
  8621 | D:8      | Killed Maggie
  8951 | D:8      | Reached skill level 5 in Dodging
  9245 | D:8      | Reached skill level 5 in Earth Magic
  9371 | D:9      | Found Nuapt's Magic Scroll Shop.
  9450 | D:9      | Found a flagged portal.
  9601 | Bailey   | Entered a bailey
  9793 | Bailey   | Reached ** piety under Sif Muna
  9984 | Bailey   | Noticed an orc knight
  9984 | Bailey   | Noticed an orc knight
  9985 | Bailey   | Killed an orc knight
  9989 | Bailey   | Reached skill level 8 in Conjurations
  9989 | Bailey   | Killed an orc knight
  9990 | Bailey   | Reached XP level 11. HP: 97/97 MP: 23/23
 10121 | Bailey   | Learned a level 5 spell: Iskenderun's Battlesphere
 10127 | Bailey   | Learned a level 5 spell: Fireball
 10305 | D:9      | Noticed Erica
 10323 | D:9      | Killed Erica
 10365 | D:9      | Noticed a tengu warrior
 10385 | D:9      | Killed a tengu warrior
 10895 | D:10     | Entered Level 10 of the Dungeon
 10957 | D:10     | Reached skill level 9 in Conjurations
 11192 | D:10     | Found a staircase to the Orcish Mines.
 11373 | D:10     | Found a runed translucent gate.
 11373 | D:10     | Found a runed translucent gate.
 11373 | D:10     | Found a runed translucent gate.
 11375 | D:10     | Found a viscous altar of Jiyva.
 11375 | D:10     | Noticed IBeShadow's ghost (novice TeAE)
 11411 | D:10     | Noticed a two-headed ogre
 11415 | D:10     | Killed a two-headed ogre
 11473 | D:10     | Found Figuisoz's Hallowed Reliquary.
 11475 | D:10     | Noticed an angel
 11678 | D:10     | Reached *** piety under Sif Muna
 12210 | D:11     | Noticed a white ugly thing
 12483 | D:11     | Reached skill level 10 in Conjurations
 12671 | D:11     | Reached XP level 12. HP: 106/106 MP: 25/25
 13007 | D:11     | Reached skill level 10 in Spellcasting
 13583 | D:11     | Noticed a two-headed ogre
 13587 | D:11     | Killed a two-headed ogre
 13822 | D:12     | Reached skill level 11 in Conjurations
 14542 | D:12     | Reached **** piety under Sif Muna
 14739 | D:12     | Identified the +2 quarterstaff of Xepynast {elec, Int+3}
 14823 | D:12     | Found a runed translucent door.
 14834 | D:12     | Found a runed translucent door.
 14834 | D:12     | Noticed a merfolk avatar
 14834 | D:12     | Noticed a merfolk impaler
 15041 | D:12     | Found a runed translucent door.
 15332 | Orc:1    | Entered Level 1 of the Orcish Mines
 15337 | Orc:1    | Noticed an orc high priest
 15345 | Orc:1    | Killed an orc high priest
 15348 | Orc:1    | Noticed Sonja
 15351 | Orc:1    | Killed Sonja
 15352 | Orc:1    | Reached skill level 12 in Conjurations
 15636 | Orc:1    | Found a runed translucent door.
 15636 | Orc:1    | Noticed worthlessgem's ghost (journeyman DjFE)
 15695 | Orc:1    | Found a bloodstained altar of Trog.
 16010 | Orc:2    | Entered Level 2 of the Orcish Mines
 16022 | Orc:2    | Noticed Urug
 16033 | Orc:2    | Gained mutation: You can use your snake-like lower body to
                  | constrict enemies. [Naga growth]
 16033 | Orc:2    | Reached XP level 13. HP: 114/114 MP: 18/27
 16034 | Orc:2    | Killed Urug
 16148 | Orc:2    | Found Aptyet's Jewellery Boutique.
 16774 | Orc:2    | Found a staircase to the Elven Halls.
 16848 | Orc:1    | Found Xynain's Armour Boutique.
 17462 | Orc:2    | Reached skill level 13 in Conjurations
 17640 | Orc:2    | Reached ***** piety under Sif Muna
 17650 | Orc:2    | Found Xone's Jewellery Shop.
 17650 | Orc:2    | Found Cadet's Antique Armour Shoppe.
 17702 | Orc:2    | Found Ontiexach's Armour Shop.
 17702 | Orc:2    | Found Putausenlo's Antique Armour Shoppe.
 18172 | Lair:1   | Entered Level 1 of the Lair of Beasts
 18307 | Lair:1   | Received a gift from Sif Muna
 18308 | Lair:1   | Got Sif Muna's Guide on the Nocuous Rocks {god gift}
 19390 | Lair:2   | Identified the +7 quarterstaff "Juatty" {vorpal, rN+ Str+6}
 19820 | Lair:1   | Reached skill level 14 in Conjurations
 20237 | Lair:3   | Reached XP level 14. HP: 121/121 MP: 30/30
 21625 | Lair:4   | Found a staircase to the Snake Pit.
 21814 | Lair:4   | Found a staircase to the Shoals.
 22154 | Lair:4   | Received a gift from Sif Muna
 22165 | Lair:4   | Got Sif Muna's Collected Works on Confrontation {god gift}
 22982 | Lair:5   | Reached skill level 15 in Conjurations
 23434 | Lair:5   | Found a runed translucent door.
 23437 | Lair:5   | Found a viscous altar of Jiyva.
 23438 | Lair:5   | Found a staircase to the Slime Pits.
 23678 | Lair:5   | Noticed Josephine
 23901 | Lair:5   | Killed Josephine
 24534 | Lair:6   | Entered Level 6 of the Lair of Beasts
 25048 | Lair:6   | Reached XP level 15. HP: 109/129 MP: 15/31
 25489 | Lair:6   | Received a gift from Sif Muna
 25490 | Lair:6   | Got Sif Muna's Disquisition on the Feathery Rocks {god
                  | gift}
 25625 | Lair:6   | Reached skill level 16 in Conjurations
 27055 | Lair:6   | Found the +5 robe of Misfortune {Contam Harm *Corrode Drain
                  | *Slow EV+5}
 27062 | Lair:6   | Got the Incunabulum of Heat
 27282 | Snake:1  | Entered Level 1 of the Snake Pit
 27337 | Snake:1  | Reached skill level 10 in Earth Magic
 27349 | Snake:1  | Mangled by a naga

Illustrated notes

Levels and vault maps discovered:
D:1:      minmay_arrival_four_circles, layout_rooms
D:2:      layout_basic, lemuel_another_geyser
D:3:      kennysheep_the_goblin_king, layout_rooms, kennysheep_generic_room_9,
          uniq_jessica, uniq_ijyb
D:4:      kb_forest_paths, layout_basic, uniq_eustachio
D:5:      layout_basic, corexii_hall_statues_x, nicolae_shop_firing_range
D:6:      layout_gridville, minmay_temple_entry_grid, serial_shops,
          shop_fountains
D:7:      layout_loops_ring
D:8:      layout_gridville, gammafunk_temple_overflow_pools,
          due_lair_maze_entry_diamond, nrook_loot_triangle, uniq_psyche,
          uniq_maggie
D:9:      layout_loops_ring, enter_bailey_6, serial_shops, shop, st_stairs_13,
          uniq_erica
D:10:     layout_gridville, erik_orc_4, gammafunk_ghost_ooze, nicolae_good_shop
D:11:     layout_basic, serial_glass, glass_columns_a, glass_columns_a,
          minivault_27
D:12:     layout_small_grid, mikee_hates_you
Temple:   regret_index_temple_chain_breaker
Lair:1:   layout_long_grid
Lair:2:   layout_roguey, st_stairs_9, minmay_stone_trees_small
Lair:3:   layout_cave_pods
Lair:4:   layout_roguey [special_room_bee], minmay_shoals_entry_centaurs,
          guppyfry_snake_entry_island, minivault_19, beast_lair_carwin_3
Lair:5:   layout_long_grid, slime_altar_2, minivault_11,
          infiniplex_staircase_pool, serial_bayou_shore_b, lemuel_fruit_fields,
          serial_bayou_shore_a, uniq_josephine
Lair:6:   minmay_lair_end_frog_pond, layout_gridlike
Snake:1:  layout_basic, serial_shops, bzr_firewalk
Orc:1:    layout_diamond_mine, serial_shops, shop_statue, gammafunk_ghost_grave,
          trog_butcher_becter, uniq_sonja
Orc:2:    st_orc_town, layout_caves, serial_shops, shop, uniq_urug

Skill      XL: |  1  2  3  4  5  6  7  8  9 10 11 12 13 14 15 |
---------------+----------------------------------------------+-----
Spellcasting   | 4 5 6 7 8 9 10 12 13 | 13.6
Conjurations   | 2 3 4 5 6 8 10 12 14 15 16 | 16.6
Dodging        | 2 3 4 5 6 |  6.2
Fighting       | 2 3 4 5 6 7 |  7.2
Air Magic      | 1 2 3 4 |  4.9
Poison Magic   | 1 2 3 |  3.6
Earth Magic    | 2 4 6 7 8 9 10 | 10.0
Stealth        | |  3.0
Summonings     | |  1.0
Translocations | |  1.0

Action                   |  1- 3 |  4- 6 |  7- 9 | 10-12 | 13-15 || total
-------------------------+-------+-------+-------+-------+-------++-------
Melee: Dagger            |    26 |    75 |   130 |       |       ||   231
       Short sword       |       |     7 |       |       |       ||     7
       War axe           |       |       |    31 |    79 |   112 ||   222
       Constrict         |       |       |       |       |    27 ||    27
 Cast: Magic Dart        |    71 |    69 |    74 |   160 |   262 ||   636
       Mephitic Cloud    |       |     3 |    23 |    35 |    59 ||   120
       Stone Arrow       |       |       |    16 |   129 |   286 ||   431
       Iskenderun's Batt |       |       |       |    46 |   115 ||   161
       Fireball          |       |       |       |       |    11 ||    11
 Abil: Spit Poison       |     3 |     5 |     4 |       |       ||    12
Evoke: Condenser vane    |       |       |       |       |     1 ||     1
  Use: Scroll            |       |       |       |    11 |     5 ||    16
       Potion            |       |       |       |       |     4 ||     4
 Stab: Sleeping          |       |     5 |     1 |       |     1 ||     7
       Confused          |       |     1 |    13 |     4 |    13 ||    31
Armor: Robe              |     6 |     9 |    35 |    52 |   131 ||   233
       Skin              |       |       |       |       |     3 ||     3
Dodge: Dodged            |    10 |    44 |    93 |    64 |   147 ||   358
       Repelled          |       |       |       |       |     3 ||     3
